TOP OF THE 1ST |
Sacramento River Cats batting - Pitching for Albuquerque Isotopes : LHP Drew Huckeba
|
Pitching: LHP Drew Huckeba
|
|
Now at 1B: Tetsuya Oba
|
|
Now at 2B: Ron Johansen
|
|
Now at 3B: Katsunan Akimoto
|
|
Batting: SHB Danny Garcia
|
0-0: Ball 1-0: Called Strike 1-1: Ball 2-1: SINGLE (Groundball, 6D, EV 106.9 MPH)
|
Batting: RHB Hugo Zacarias
|
0-0: Called Strike 0-1: Ball 1-1: SINGLE (Groundball, 4S, EV 74.4 MPH) (infield hit) Danny Garcia to second
|
Batting: SHB Jason Spradling
|
0-0: Ball Danny Garcia steals 3rd base (no throw) Hugo Zacarias to second 1-0: Called Strike 1-1: Fly out, F6 (Popup, P, EV 86.3 MPH)
|
Batting: LHB Nate Conley
|
0-0: Called Strike 0-1: Ball 1-1: Ground out 6-3 (Groundball, 6MS, EV 86.3 MPH) Danny Garcia scores Hugo Zacarias to third
|
Batting: RHB John Shaffer
|
0-0: Called Strike 0-1: Ball 1-1: Ball 2-1: Ball 3-1: Base on Balls
|
Batting: RHB Martin Guerrero
|
0-0: Called Strike 0-1: Fly out, F7 (Flyball, 7, EV 77.5 MPH)
|
Top of the 1st over - 1 run, 2 hits, 0 errors, 2 left on base; Sacramento 1 - Albuquerque 0 |
BOTTOM OF THE 1ST |
Albuquerque Isotopes batting - Pitching for Sacramento River Cats : RHP Roberto Duron
|
Pitching: RHP Roberto Duron
|
|
Batting: LHB Tony Morales
|
0-0: Ball 1-0: Swinging Strike 1-1: Ball 2-1: Foul Ball, location: 2F 2-2: Ball 3-2: SINGLE (Flyball, 4MD, EV 87.5 MPH)
|
Batting: LHB Tetsuya Oba
|
0-0: Called Strike Tony Morales steals 2nd base 0-1: Ball 1-1: Ground out 4-3 (Groundball, 4M, EV 98.8 MPH) Tony Morales to third
|
Batting: SHB Pat Wilson
|
0-0: Called Strike 0-1: Called Strike 0-2: Foul Ball, location: 2F 0-2: Foul Ball, location: 2F 0-2: Foul Ball, location: 2F 0-2: Hit by Pitch
|
Batting: RHB Ron Johansen
|
0-0: Ball Pat Wilson is caught stealing 2nd base 2-4 1-0: Ball 2-0: Called Strike 2-1: Called Strike 2-2: Foul Ball, location: 2F 2-2: Strikes out looking
|
Bottom of the 1st over - 0 runs, 1 hit, 0 errors, 1 left on base; Sacramento 1 - Albuquerque 0 |
TOP OF THE 2ND |
Sacramento River Cats batting - Pitching for Albuquerque Isotopes : LHP Drew Huckeba
|
Batting: LHB Nick Swank
|
0-0: Fly out, F9 (Flyball, 9, EV 92.5 MPH)
|
Batting: LHB Josh Straub
|
0-0: Foul Ball, location: 2F 0-1: Foul Ball, location: 2F 0-2: Foul Ball, location: 2F 0-2: Strikes out looking
|
Batting: LHB Fred Arends
|
0-0: Ball 1-0: Ball 2-0: Swinging Strike 2-1: Foul Ball, location: 2F 2-2: Strikes out swinging
|
Top of the 2nd over - 0 runs, 0 hits, 0 errors, 0 left on base; Sacramento 1 - Albuquerque 0 |
BOTTOM OF THE 2ND |
Albuquerque Isotopes batting - Pitching for Sacramento River Cats : RHP Roberto Duron
|
Batting: LHB Katsunan Akimoto
|
0-0: Ball 1-0: Hit by Pitch
|
Batting: SHB Bradley Barrowcliff
|
0-0: Ball 1-0: Foul Ball, location: 2F 1-1: Ball 2-1: Foul Ball, location: 2F 2-2: Fly out, F8 (Flyball, 8LM, EV 94.4 MPH)
|
Batting: LHB Enrique Andrade
|
0-0: Ball 1-0: Called Strike 1-1: Swinging Strike 1-2: Fly out, F4 (Line Drive, 4, EV 63.1 MPH)
|
Batting: RHB Josh Baker
|
0-0: Called Strike 0-1: Fielders Choice at 2nd, 6-4 (Groundball, 6, EV 86.3 MPH)
|
Bottom of the 2nd over - 0 runs, 0 hits, 0 errors, 1 left on base; Sacramento 1 - Albuquerque 0 |
TOP OF THE 3RD |
Sacramento River Cats batting - Pitching for Albuquerque Isotopes : LHP Drew Huckeba
|
Batting: SHB Danny Garcia
|
0-0: Ball 1-0: Called Strike 1-1: Ball 2-1: Swinging Strike 2-2: Ground out 6-3 (Groundball, 6, EV 85.0 MPH)
|
Batting: RHB Hugo Zacarias
|
0-0: Ball 1-0: SINGLE (Groundball, 15S, EV 64.4 MPH) (infield hit)
|
Batting: SHB Jason Spradling
|
0-0: Ball Hugo Zacarias steals 2nd, throwing error, E2 Hugo Zacarias to third 1-0: Ball 2-0: Called Strike 2-1: Called Strike 2-2: Ground out 5-3 (Groundball, 56, EV 79.4 MPH) Hugo Zacarias scores
|
Batting: LHB Nate Conley
|
0-0: Ball 1-0: Swinging Strike 1-1: Foul Ball, location: 2F 1-2: Ball 2-2: Strikes out swinging, 2-3 out at first.
|
Top of the 3rd over - 1 run, 1 hit, 1 error, 0 left on base; Sacramento 2 - Albuquerque 0 |
BOTTOM OF THE 3RD |
Albuquerque Isotopes batting - Pitching for Sacramento River Cats : RHP Roberto Duron
|
Batting: RHB Ben Alspach
|
0-0: Ball 1-0: Ball 2-0: Ball 3-0: Base on Balls
|
Batting: LHB Tony Morales
|
0-0: Ball 1-0: DOUBLE (Line Drive, 9LS, EV 94.4 MPH) Ben Alspach to third
|
Batting: LHB Tetsuya Oba
|
0-0: Ball 1-0: Ball 2-0: Called Strike 2-1: Ball 3-1: Base on Balls
|
Batting: SHB Pat Wilson
|
0-0: Called Strike 0-1: Ball 1-1: Foul Ball, location: 2F 1-2: Hit by Pitch Ben Alspach scores Tony Morales to third Tetsuya Oba to second
|
Batting: RHB Ron Johansen
|
0-0: Ball 1-0: Ball 2-0: Ball 3-0: Base on Balls Tony Morales scores Tetsuya Oba to third Pat Wilson to second
|
Batting: LHB Katsunan Akimoto
|
0-0: Ball 1-0: Called Strike 1-1: SINGLE (Groundball, 34D, EV 97.5 MPH) Tetsuya Oba scores Pat Wilson to third Ron Johansen to second Runner from 3rd tries for Home, SAFE, throw by RF to home
|
Batting: SHB Bradley Barrowcliff
|
0-0: Called Strike 0-1: SINGLE (Groundball, 4MD, EV 95.0 MPH) Ron Johansen to third Katsunan Akimoto to second Runner from 3rd tries for Home, SAFE, throw by CF to home
|
Pitching: RHP Taiji Morita
|
|
Batting: LHB Enrique Andrade
|
0-0: Ball 1-0: Ball 2-0: Ball 3-0: Called Strike 3-1: Swinging Strike 3-2: Strikes out swinging
|
Batting: RHB Josh Baker
|
0-0: Called Strike 0-1: Ball 1-1: Ball 2-1: Foul Ball, location: 2F 2-2: Foul Ball, location: 2F 2-2: Grounds into double play, 6-4-3 (Groundball, 6, EV 81.9 MPH)
|
Bottom of the 3rd over - 5 runs, 3 hits, 0 errors, 1 left on base; Sacramento 2 - Albuquerque 5 |
TOP OF THE 4TH |
Sacramento River Cats batting - Pitching for Albuquerque Isotopes : LHP Drew Huckeba
|
Batting: RHB John Shaffer
|
0-0: Swinging Strike 0-1: Ball 1-1: Swinging Strike 1-2: Ball 2-2: Ball 3-2: Foul Ball, location: 2F 3-2: Strikes out looking
|
Batting: RHB Martin Guerrero
|
0-0: Foul Ball, location: 2F 0-1: Fly out, F8 (Flyball, 8LXD, EV 93.8 MPH)
|
Batting: LHB Nick Swank
|
0-0: Called Strike 0-1: Ball 1-1: Ball 2-1: SINGLE (Groundball, 4D, EV 107.5 MPH)
|
Batting: LHB Josh Straub
|
0-0: Called Strike 0-1: SINGLE (Groundball, 56S, EV 66.9 MPH) (infield hit) Nick Swank to second
|
Batting: LHB Fred Arends
|
0-0: Fly out, F8 (Flyball, 89D, EV 100.0 MPH)
|
Top of the 4th over - 0 runs, 2 hits, 0 errors, 2 left on base; Sacramento 2 - Albuquerque 5 |
BOTTOM OF THE 4TH |
Albuquerque Isotopes batting - Pitching for Sacramento River Cats : RHP Taiji Morita
|
Batting: RHB Ben Alspach
|
0-0: Ball 1-0: Ball 2-0: Called Strike 2-1: Foul Ball, location: 2F 2-2: SINGLE (Groundball, 6MD, EV 106.3 MPH)
|
Batting: LHB Tony Morales
|
0-0: Ball 1-0: Ball 2-0: Ball 3-0: Base on Balls Ben Alspach to second
|
Batting: LHB Tetsuya Oba
|
0-0: Ball 1-0: Swinging Strike 1-1: Foul Ball, location: 2F 1-2: Ball 2-2: Ball 3-2: Foul Ball, location: 2F 3-2: Base on Balls Ben Alspach to third Tony Morales to second
|
Batting: SHB Pat Wilson
|
0-0: Fielders Choice at 2nd, 6-4 (Groundball, 6, EV 83.1 MPH) Ben Alspach scores Tony Morales to third
|
Batting: RHB Ron Johansen
|
0-0: Called Strike Pat Wilson steals 2nd, throwing error, E2 Tony Morales scores Pat Wilson to third 0-1: Ball 1-1: Ground out 6-3 (Groundball, 6, EV 84.4 MPH) Pat Wilson scores
|
Batting: LHB Katsunan Akimoto
|
0-0: Swinging Strike 0-1: Ground out 5-3 (Groundball, 56, EV 83.1 MPH)
|
Bottom of the 4th over - 3 runs, 1 hit, 1 error, 0 left on base; Sacramento 2 - Albuquerque 8 |
TOP OF THE 5TH |
Sacramento River Cats batting - Pitching for Albuquerque Isotopes : LHP Drew Huckeba
|
Batting: SHB Danny Garcia
|
0-0: Fly out, F7 (Flyball, 7LM, EV 100.0 MPH)
|
Batting: RHB Hugo Zacarias
|
0-0: Ball 1-0: Ball 2-0: Foul Ball, location: 2F 2-1: Called Strike 2-2: Strikes out looking
|
Batting: SHB Jason Spradling
|
0-0: Ball 1-0: Fly out, F9 (Flyball, 9LD, EV 98.8 MPH)
|
Top of the 5th over - 0 runs, 0 hits, 0 errors, 0 left on base; Sacramento 2 - Albuquerque 8 |
BOTTOM OF THE 5TH |
Albuquerque Isotopes batting - Pitching for Sacramento River Cats : RHP Taiji Morita
|
Batting: SHB Bradley Barrowcliff
|
0-0: Called Strike 0-1: Foul Ball, location: 2F 0-2: Strikes out looking
|
Batting: LHB Enrique Andrade
|
0-0: Called Strike 0-1: Ball 1-1: Called Strike 1-2: Foul Ball, location: 2F 1-2: Ball 2-2: Ball 3-2: SINGLE (Flyball, 8LS, EV 98.1 MPH)
|
Batting: RHB Josh Baker
|
0-0: Ball 1-0: Foul Ball, location: 2F 1-1: Ball 2-1: Ball 3-1: Foul Ball, location: 2F 3-2: Base on Balls Enrique Andrade to second
|
Pitching: RHP Fidde Machielsen
|
|
Batting: RHB Ben Alspach
|
0-0: Fly out, F4 (Popup, 34S, EV 78.1 MPH)
|
Batting: LHB Tony Morales
|
0-0: Foul Ball, location: 2F 0-1: Ball 1-1: SINGLE (Groundball, 6, EV 102.5 MPH) Enrique Andrade to third Josh Baker to second Runner from 3rd tries for Home, SAFE, throw by LF to home
|
Batting: LHB Tetsuya Oba
|
0-0: Ball Wild Pitch! Josh Baker to third Tony Morales to second 1-0: Ball 2-0: Called Strike 2-1: Ball 3-1: Base on Balls
|
Batting: SHB Pat Wilson
|
0-0: Ball 1-0: Ball 2-0: Called Strike 2-1: Called Strike 2-2: Ball 3-2: Foul Ball, location: 2F 3-2: Ground out 3-1 (Groundball, 13, EV 83.1 MPH)
|
Bottom of the 5th over - 1 run, 2 hits, 0 errors, 3 left on base; Sacramento 2 - Albuquerque 9 |
TOP OF THE 6TH |
Sacramento River Cats batting - Pitching for Albuquerque Isotopes : LHP Drew Huckeba
|
Batting: LHB Nate Conley
|
0-0: Ball 1-0: Foul Ball, location: 2F 1-1: Swinging Strike 1-2: Strikes out swinging
|
Batting: RHB John Shaffer
|
0-0: DOUBLE (Groundball, 5L, EV 97.5 MPH)
|
Batting: RHB Martin Guerrero
|
0-0: Called Strike 0-1: Fly out, F9 (Line Drive, 9, EV 96.3 MPH)
|
Batting: LHB Nick Swank
|
0-0: Fly out, F8 (Flyball, 78XD, EV 75.6 MPH)
|
Top of the 6th over - 0 runs, 1 hit, 0 errors, 1 left on base; Sacramento 2 - Albuquerque 9 |
BOTTOM OF THE 6TH |
Albuquerque Isotopes batting - Pitching for Sacramento River Cats : RHP Fidde Machielsen
|
Batting: RHB Ron Johansen
|
0-0: Ball 1-0: Ball 2-0: Foul Ball, location: 2F 2-1: Foul Ball, location: 2F 2-2: Ball 3-2: Base on Balls
|
Batting: LHB Katsunan Akimoto
|
0-0: Called Strike 0-1: Called Strike 0-2: Ball 1-2: Ball 2-2: Foul Ball, location: 2F 2-2: SINGLE (Line Drive, 56, EV 104.4 MPH) Ron Johansen to second
|
Batting: SHB Bradley Barrowcliff
|
0-0: Called Strike 0-1: Foul Ball, location: 2F 0-2: Ball 1-2: Fielders Choice at 2nd, 6-4 (Groundball, 6, EV 92.5 MPH) Ron Johansen to third
|
Batting: LHB Enrique Andrade
|
0-0: Called Strike 0-1: Foul Ball, location: 2F 0-2: Ball 1-2: Ball 2-2: Strikes out looking
|
Batting: RHB Josh Baker
|
0-0: Ball 1-0: Swinging Strike 1-1: Fielders Choice at 2nd, 6-4 (Groundball, 6, EV 88.1 MPH)
|
Bottom of the 6th over - 0 runs, 1 hit, 0 errors, 2 left on base; Sacramento 2 - Albuquerque 9 |
TOP OF THE 7TH |
Sacramento River Cats batting - Pitching for Albuquerque Isotopes : LHP Drew Huckeba
|
Batting: LHB Josh Straub
|
0-0: Fly out, F7 (Line Drive, 7, EV 89.4 MPH)
|
Batting: LHB Fred Arends
|
0-0: Ball 1-0: Ball 2-0: Ball 3-0: Called Strike 3-1: Ground out 6-3 (Groundball, 6MS, EV 90.6 MPH)
|
Batting: SHB Danny Garcia
|
0-0: Ball 1-0: Ball 2-0: Ball 3-0: Base on Balls
|
Pinch Hitting: LHB Juan Gonzalez
|
0-0: Called Strike 0-1: Ball 1-1: Ball 2-1: Foul Ball, location: 2F 2-2: Ball 3-2: Foul Ball, location: 2F 3-2: 2-RUN HOME RUN (Flyball, 89XD, EV 98.1 MPH) (Inside the Park)
|
Batting: SHB Jason Spradling
|
0-0: Called Strike 0-1: DOUBLE (Groundball, 5L, EV 105.6 MPH)
|
Batting: LHB Nate Conley
|
0-0: Ball 1-0: Foul Ball, location: 2F 1-1: Ground out 5-3 (Groundball, 56, EV 80.0 MPH)
|
Top of the 7th over - 2 runs, 2 hits, 0 errors, 1 left on base; Sacramento 4 - Albuquerque 9 |
BOTTOM OF THE 7TH |
Albuquerque Isotopes batting - Pitching for Sacramento River Cats : RHP Fidde Machielsen
|
Now in LF: Juan Gonzalez
|
|
Now in RF: Fred Arends
|
|
Batting: RHB Ben Alspach
|
0-0: Called Strike 0-1: SINGLE (Flyball, 8RS, EV 85.6 MPH)
|
Pitching: LHP Shigeo Okawa
|
|
Batting: LHB Tony Morales
|
0-0: Ball 1-0: Ball 2-0: Ball 3-0: Base on Balls Ben Alspach to second
|
Batting: LHB Tetsuya Oba
|
0-0: Ball 1-0: DOUBLE (Groundball, 3L, EV 95.6 MPH) Ben Alspach scores Tony Morales to third
|
Batting: SHB Pat Wilson
|
0-0: Called Strike 0-1: Ball 1-1: Ball 2-1: Ball 3-1: Ground out 6-3 (Groundball, 6, EV 97.5 MPH) Tony Morales scores
|
Batting: RHB Ron Johansen
|
0-0: Called Strike 0-1: Ball 1-1: SINGLE (Groundball, 56D, EV 101.9 MPH) Tetsuya Oba to third Runner from 3rd tries for Home, SAFE, throw by LF to home
|
Pinch Hitting: RHB Bobby Heagle
|
0-0: Ball 1-0: Ball 2-0: SINGLE (Groundball, 56D, EV 98.8 MPH) Ron Johansen to second
|
Batting: SHB Bradley Barrowcliff
|
0-0: Foul Ball, location: 2F 0-1: Foul Ball, location: 2F 0-2: Foul Ball, location: 2F 0-2: Foul Ball, location: 2F 0-2: Foul Ball, location: 2F 0-2: Foul Ball, location: 2F 0-2: Foul Ball, location: 2F 0-2: Fly out, F8 (Flyball, 8LM, EV 79.4 MPH)
|
Batting: LHB Enrique Andrade
|
0-0: Called Strike 0-1: Swinging Strike 0-2: Strikes out swinging
|
Bottom of the 7th over - 3 runs, 4 hits, 0 errors, 2 left on base; Sacramento 4 - Albuquerque 12 |
TOP OF THE 8TH |
Sacramento River Cats batting - Pitching for Albuquerque Isotopes : LHP Drew Huckeba
|
Pitching: RHP Calvin Hightower
|
|
Now at 2B: Ron Johansen
|
|
Now at 3B: Ben Alspach
|
|
Now at SS: Bobby Heagle
|
|
Batting: RHB John Shaffer
|
0-0: Called Strike 0-1: Ball 1-1: Foul Ball, location: 2F 1-2: Ball 2-2: Foul Ball, location: 2F 2-2: Foul Ball, location: 2F 2-2: SINGLE (Flyball, 34D, EV 90.0 MPH)
|
Batting: RHB Martin Guerrero
|
0-0: SINGLE (Line Drive, 56D, EV 98.8 MPH) John Shaffer to second
|
Batting: LHB Nick Swank
|
0-0: Ball 1-0: Called Strike 1-1: Grounds into double play, 3-6-3 (Groundball, 3S, EV 90.0 MPH) John Shaffer to third
|
Batting: LHB Josh Straub
|
0-0: Foul Ball, location: 2F 0-1: Fly out, F9 (Flyball, 9S, EV 87.5 MPH)
|
Top of the 8th over - 0 runs, 2 hits, 0 errors, 1 left on base; Sacramento 4 - Albuquerque 12 |
BOTTOM OF THE 8TH |
Albuquerque Isotopes batting - Pitching for Sacramento River Cats : LHP Shigeo Okawa
|
Pitching: LHP Gael Greene
|
|
Batting: RHB Josh Baker
|
0-0: Ball 1-0: Ground out 5-3 (Groundball, 56D, EV 79.4 MPH)
|
Batting: RHB Ben Alspach
|
0-0: Called Strike 0-1: Foul Ball, location: 2F 0-2: Foul Ball, location: 2F 0-2: Ball 1-2: Ball 2-2: Ground out 5-3 (Groundball, 56, EV 86.9 MPH)
|
Batting: LHB Tony Morales
|
0-0: Foul Ball, location: 2F 0-1: Ball 1-1: Ball 2-1: Ball 3-1: Called Strike 3-2: Base on Balls
|
Batting: LHB Tetsuya Oba
|
0-0: Called Strike 0-1: Ball 1-1: Fly out, F7 (Flyball, 7LM, EV 93.8 MPH)
|
Bottom of the 8th over - 0 runs, 0 hits, 0 errors, 1 left on base; Sacramento 4 - Albuquerque 12 |
TOP OF THE 9TH |
Sacramento River Cats batting - Pitching for Albuquerque Isotopes : RHP Calvin Hightower
|
Batting: LHB Fred Arends
|
0-0: Called Strike 0-1: Fly out, F9 (Flyball, 89S, EV 78.1 MPH)
|
Batting: SHB Danny Garcia
|
0-0: Foul Ball, location: 2F 0-1: Swinging Strike 0-2: Foul Ball, location: 2F 0-2: Ground out 4-3 (Groundball, 4, EV 79.4 MPH)
|
Batting: LHB Juan Gonzalez
|
0-0: Ball 1-0: Ball 2-0: Fly out, F8 (Line Drive, 8LD, EV 93.8 MPH)
|
Top of the 9th over - 0 runs, 0 hits, 0 errors, 0 left on base; Sacramento 4 - Albuquerque 12 |
|